 Dungeon Crawl Stone Soup version 0.20.1-1-g8b1a95d (console) character file.

5207 hilaritas the Cleaver (level 10, -1/82 HPs)
             Began as a Formicid Fighter on Nov 18, 2017.
             Was an Elder of Okawaru.
             Killed from afar by an efreet (25 damage)
             ... with a fireball
             ... in a volcano.
             The game lasted 00:18:02 (8925 turns).

hilaritas the Cleaver (Formicid Fighter)            Turns: 8925, Time: 00:18:03

Health: -1/82      AC: 17    Str: 24    XL:     10   Next: 91%
Magic:  13/15      EV: 10    Int:  8    God:    Okawaru [****..]
Gold:   415        SH: 15    Dex: 16    Spells: 9/9 levels left

rFire    . . .     SeeInvis +   y - +4 war axe
rCold    . . .     Gourm    .   c - +1 shield
rNeg     + . .     Faith    .   p - +0 plate armour
rPois    .         Spirit   .   (helmet unavailable)
rElec    .         Reflect  .   m - +0 cloak
rCorr    .         Harm     .   (no gloves)
MR       +....                  u - +0 pair of boots
Stlth    ..........             (no amulet)
Regen    0.3/turn               r - ring of positive energy
MPRegen  0.2/turn               s - +6 ring of dexterity

@: heroism
A: permanent stasis, dig shafts and tunnels, four strong arms, antennae 3
a: Dig, Shaft Self, Heroism, Renounce Religion


You were in a volcano.
You worshipped Okawaru.
Okawaru was greatly pleased with you.
You were not hungry.

You visited 3 branches of the dungeon, and saw 10 of its levels.
You also visited: Volcano.

You collected 464 gold pieces.
You spent 49 gold pieces at shops.

Inventory:

Hand Weapons
 a - a +1 war axe
 b - a +0 whip of freezing
 y - a +4 war axe (weapon)
Armour
 c - a +1 shield (worn)
 m - a +0 cloak (worn)
 p - a +0 plate armour (worn)
 u - a +0 pair of boots (worn)
Jewellery
 r - a ring of positive energy (left hand)
 s - a +6 ring of dexterity (right hand)
Wands
 e - a wand of acid (14/15)
 q - a wand of confusion (7/48)
 t - a wand of flame (22/48)
Scrolls
 h - 8 scrolls of remove curse
 k - 5 scrolls of identify
 l - 2 scrolls of fog
 v - a scroll of recharging
Potions
 d - a potion of might
 i - 4 potions of curing
 o - 2 potions of heal wounds
 w - a potion of mutation {unknown}
 x - a potion of degeneration {unknown}
 A - a potion of brilliance {unknown}
 B - a potion of haste {unknown}
Comestibles
 f - 4 bread rations
 g - 2 chunks of flesh
 j - 3 royal jellies
 z - a meat ration


   Skills:
 * Level 8.7(13.7) Fighting
 - Level 10.0(15.0) Axes
 + Level 5.2(10.2) Armour
 + Level 8.6(13.6) Shields
 * Level 6.7 Invocations


You had 9 spell levels left.
You didn't know any spells.

Dungeon Overview and Level Annotations

Branches:
Dungeon (8/15)             Temple (1/1) D:4            Lair (1/6) D:8

Altars:
Ashenzari
Cheibriados
Dithmenos
Elyvilon
Fedhas
Gozag
Hepliaklqana
Makhleb
Nemelex Xobeh
Okawaru
Qazlal
Ru
Sif Muna
Vehumet
Xom
Yredelemnul
Zin
The Shining One

Shops:
D:4 %   D:5 *   D:6 [


Innate Abilities, Weirdness & Mutations

You cannot be hasted, slowed, berserked, paralysed or teleported.
You can dig through walls and to a lower floor.
Your four strong arms can wield two-handed weapons with a shield.
You have a pair of large antennae on your head. (SInv)


Message History

You hit the gargoyle.
The gargoyle is moderately damaged.
You slash the gargoyle!
The gargoyle is severely damaged.
The gargoyle barely misses you.
You slash the gargoyle!
You destroy the gargoyle!
Okawaru is honoured by your kill. The efreet hits you but does no damage.
You see here a dire flail.
You hit the efreet.
The efreet is lightly wounded.
The efreet hits you with a scimitar of flaming.
The efreet burns you.
* * * LOW HITPOINT WARNING * * *
You hit the efreet.
The efreet is lightly wounded.
The efreet gestures at you.
The fireball explodes!
The fireball engulfs you!
You die...

. #. ##.##
######### .....##
###.....?.#
§......##@....!$)..
§≈.......#R##.∩[)§§
≈§≈≈.....#### §≈)..
§≈§§§.....# ≈≈§≈
≈≈§≈.....## ≈§≈
≈≈§§≈≈....# ≈§
§≈≈≈§.....# #
§≈.....#.##
........## ###
##....##.##≈§##
##### ##.≈≈≈§#


You could see an efreet.

Vanquished Creatures
  A two-headed ogre (D:8)
  Pikel (D:6)
  A gargoyle (Volcano)
  The ghost of Irenicus the Slasher, a novice FoMo (D:5)
  2 hippogriffs (D:8)
  A hungry ghost (D:8)
  A fire elemental (Volcano)
  A water moccasin (D:8)
  A porcupine (Lair:1)
  An orc warrior (D:6)
  A necrophage (D:8)
  3 phantoms
  A sky beast (D:5)
  2 ogres (D:8)
  A centaur (D:5)
  A big kobold (D:8)
  2 bullfrogs
  3 scorpions
  4 wights
  2 howler monkeys
  A crimson imp (D:5)
  6 human zombies (D:8)
  A centaur zombie (D:7)
  4 hounds
  2 orc priests
  Crazy Yiuf (D:6)
  A bullfrog skeleton (D:5)
  A centaur skeleton (D:4)
  A gnoll shaman (D:4)
  4 orc wizards
  Jessica (D:2)
  An iguana (D:5)
  Natasha (thrice) (D:2)
  5 worker ants
  A hound zombie (D:8)
  3 mummies (D:8)
  Robin (D:4)
  16 gnolls
  A howler monkey skeleton (D:5)
  8 adders
  2 oozes
  4 worms
  A dart slug (D:1)
  2 leopard geckos
  21 orcs
  5 giant cockroaches
  21 goblins
  8 hobgoblins
  13 jackals
  10 kobolds
  3 quokkas
  A ball python (D:1)
  10 bats
  A frilled lizard (D:1)
  2 orc zombies (D:8)
  4 rats
201 creatures vanquished.

Vanquished Creatures (others)
  2 slaves (D:6)
  A scorpion (D:6)
  A jelly (D:6)
4 creatures vanquished.

Grand Total: 205 creatures vanquished

Notes
Turn   | Place    | Note
-------+----------+-------------------------------------------
     0 | D:1      | hilaritas the Formicid Fighter began the quest for the Orb.
     0 | D:1      | Reached XP level 1. HP: 18/18 MP: 1/1
    76 | D:1      | Reached XP level 2. HP: 18/24 MP: 2/2
   370 | D:1      | Reached XP level 3. HP: 2/30 MP: 3/3
   916 | D:2      | Noticed Jessica
   918 | D:2      | Killed Jessica
   918 | D:2      | Reached skill level 3 in Axes
   918 | D:2      | Reached XP level 4. HP: 37/37 MP: 4/4
  1069 | D:2      | Found a shadowy altar of Dithmenos.
  1161 | D:2      | Noticed Natasha
  1169 | D:2      | Killed Natasha
  1324 | D:2      | Reached XP level 5. HP: 33/42 MP: 5/5
  1411 | D:2      | Noticed Natasha
  1423 | D:2      | Reached skill level 4 in Axes
  1436 | D:2      | Killed Natasha
  1439 | D:2      | HP: 2/42 [adder (2)]
  1717 | D:2      | Noticed Natasha
  1728 | D:2      | Killed Natasha
  1818 | D:2      | Reached XP level 6. HP: 37/48 MP: 6/6
  2075 | D:2      | Reached skill level 5 in Axes
  2544 | D:3      | Found an opulent altar of Gozag.
  2650 | D:3      | Found a sparkling altar of Nemelex Xobeh.
  3131 | D:4      | Found Xuhimav's Food Shop.
  3153 | D:4      | Found a staircase to the Ecumenical Temple.
  3156 | D:4      | Noticed a phantom
  3170 | Temple   | Entered the Ecumenical Temple
  3179 | Temple   | Became a worshipper of Warmaster Okawaru
  3214 | D:4      | Killed a phantom
  3214 | D:4      | Reached skill level 6 in Axes
  3214 | D:4      | Reached XP level 7. HP: 16/54 MP: 7/7
  3548 | D:4      | Reached skill level 1 in Invocations
  3681 | D:4      | Reached * piety under Okawaru
  3883 | D:4      | Noticed Robin
  3898 | D:4      | Killed Robin
  3957 | D:4      | Reached skill level 7 in Axes
  3957 | D:4      | Reached skill level 5 in Shields
  3957 | D:4      | Reached XP level 8. HP: 44/61 MP: 9/9
  4100 | D:4      | Found a hazy altar of Hepliaklqana.
  4241 | D:5      | Entered Level 5 of the Dungeon
  4456 | D:5      | Noticed Irenicus's ghost (novice FoMo)
  4495 | D:5      | Killed Irenicus's ghost
  4495 | D:5      | Reached skill level 8 in Axes
  4743 | D:5      | Found a stormy altar of Qazlal.
  4897 | D:5      | Noticed a water elemental
  4898 | D:5      | Noticed an air elemental
  4898 | D:5      | Noticed a fire elemental
  4914 | D:5      | Found a glowing golden altar of the Shining One.
  4990 | D:5      | Found Jejurch Yczoi's Elemental Accessories.
  5083 | D:5      | Reached skill level 5 in Fighting
  5205 | D:5      | Found a glowing silver altar of Zin.
  5207 | D:5      | Reached ** piety under Okawaru
  5207 | D:5      | Reached XP level 9. HP: 68/68 MP: 11/11
  5210 | D:5      | Found a shimmering altar of Xom.
  5210 | D:5      | Found a shattered altar of Ashenzari.
  5212 | D:5      | Found a glowing silver altar of Zin.
  5212 | D:5      | Found a shimmering altar of Xom.
  5212 | D:5      | Found a blossoming altar of Fedhas.
  5438 | D:5      | Reached skill level 9 in Axes
  5634 | D:6      | Found Feathrokh's Armour Shop.
  5637 | D:6      | Noticed Pikel
  5655 | D:6      | Killed Pikel
  6059 | D:6      | Reached skill level 10 in Axes
  6139 | D:6      | Bought a +0 pair of boots for 49 gold pieces
  6180 | D:6      | Found a white marble altar of Elyvilon.
  6180 | D:6      | Found a sacrificial altar of Ru.
  6338 | D:6      | Found a runed door.
  6464 | D:6      | Noticed Crazy Yiuf
  6467 | D:6      | Killed Crazy Yiuf
  6927 | D:7      | Reached skill level 5 in Invocations
  7194 | D:8      | Found a burning altar of Makhleb.
  7242 | D:8      | Found a snail-covered altar of Cheibriados.
  7276 | D:8      | Reached *** piety under Okawaru
  7276 | D:8      | Reached XP level 10. HP: 72/77 MP: 13/13
  7560 | D:8      | Found a staircase to the Lair.
  7927 | D:8      | Found a basalt altar of Yredelemnul.
  8530 | D:8      | Noticed a two-headed ogre
  8541 | D:8      | Killed a two-headed ogre
  8541 | D:8      | Reached **** piety under Okawaru
  8832 | Lair:1   | Entered Level 1 of the Lair of Beasts
  8857 | Lair:1   | Reached skill level 5 in Armour
  8879 | Lair:1   | Found a dark tunnel.
  8887 | Volcano  | Entered a volcano
  8906 | Volcano  | Noticed a gargoyle
  8907 | Volcano  | Noticed an efreet
  8922 | Volcano  | Killed a gargoyle
  8925 | Volcano  | Killed from afar by an efreet

Skill      XL: |  1  2  3  4  5  6  7  8  9 10 |
---------------+-------------------------------+-----
Shields        | 4 5 7 8 |  8.6
Fighting       | 4 5 6 8 |  8.7
Axes           | 3 4 6 7 8 10 | 10.0
Invocations    | 1 3 5 6 |  6.7
Armour         | 5 |  5.2

Action                   |  1- 3 |  4- 6 |  7- 9 | 10-12 || total
-------------------------+-------+-------+-------+-------++-------
Melee: War axe           |    62 |   183 |   414 |   196 ||   855
Invok: Heroism           |       |       |     1 |     2 ||     3
  Use: Scroll            |       |     6 |     8 |     1 ||    15
  Eat: Chunk             |       |     8 |    14 |     5 ||    27
       Fruit             |       |       |     1 |       ||     1
       Royal jelly       |       |       |       |     1 ||     1
Armor: Scale mail        |    38 |    48 |       |       ||    86
       Plate armour      |       |    16 |   155 |    74 ||   245
Dodge: Dodged            |    21 |    62 |    64 |    29 ||   176
Block: Shield            |    45 |    94 |   214 |    88 ||   441
